 Dungeon Crawl Stone Soup version 0.29.0-15-g675c0067aa (webtiles) character file.

Game seed: 14439061266874665355

3280 Persephone the Spear-Bearer (level 9, -8/79 HPs)
             Began as a Minotaur Fighter on Sept 11, 2022.
             Was a Believer of Ashenzari.
             Mangled by Joseph
             ... wielding a +0 quarterstaff
              (12 damage)
             ... on level 7 of the Dungeon.
             The game lasted 00:12:16 (7985 turns).

Persephone the Spear-Bearer (Minotaur Fighter)      Turns: 7985, Time: 00:12:17

Health: -8/79      AC:  5    Str: 25    XL:     9   Next: 69%
Magic:  8/8        EV:  9    Int:  5    God:    Ashenzari [**....]
Gold:   578        SH:  4    Dex: 10    Spells: 8/8 levels left

rFire   + . .      SeeInvis +   d - +2 trident (vorpal)
rCold   . . .      Faith    .   c - +0 buckler of the Fated Loss {Range, Alch} (curse)
rNeg    . . .      Spirit   .   b - +0 scale mail of Ashenzari's Paranoia {Self, Elem} (curse)
rPois   .          Reflect  .   (helmet restricted)
rElec   .          Harm     .   (no cloak)
rCorr   .          Rampage  .   x - +0 pair of gloves "Overhang to Understand" {Fort, Comp} (curse)
Will    .....                   (no boots)
Stlth   ..........              (no amulet)
HPRegen 0.23/turn               v - ring of protection from fire
MPRegen 0.11/turn               (no ring)

@: corroded, flying
A: horns 2, retaliatory headbutt
a: Renounce Religion, Shatter the Chains


You were on level 7 of the Dungeon.
You worshipped Ashenzari.
Ashenzari was pleased with you.
You visited 1 branch of the dungeon, and saw 7 of its levels.
You also visited: Sewer.

You collected 578 gold pieces.

Inventory:

Hand Weapons
 a - a +0 trident
 d - a +2 vorpal trident (weapon)
Missiles
 q - 2 throwing nets (quivered)
Armour
 b - the cursed +0 scale mail of Ashenzari's Paranoia (worn) {Self, Elem}

   It has a curse which improves the following skills: Introspection: Fighting
   and Spellcasting.
   Elements:  Fire Magic, Ice Magic, Air Magic and Earth Magic.
 c - the cursed +0 buckler of the Fated Loss (worn) {Range, Alch}

   It has a curse which improves the following skills: Ranged Combat: Ranged
   Weapons and Throwing.
   Alchemy:   Poison Magic and Transmutations.
 o - a +0 buckler
 w - a +0 chain mail
 x - the cursed +0 pair of gloves "Overhang to Understand" (worn) {Fort, Comp}
   (You found it on level 7 of the Dungeon)

   It has a curse which improves the following skills: Fortitude: Armour and
   Shields.
   Companions: Summonings and Necromancy.
 y - a +0 pair of gloves
Jewellery
 l - a ring of ice
 v - a ring of protection from fire (left hand)
Scrolls
 e - 4 scrolls of teleportation
 f - 3 scrolls of torment
 g - 2 scrolls of noise
 h - 6 scrolls of identify
 k - a scroll of amnesia
 n - 4 scrolls of enchant weapon
 t - a scroll of enchant armour
Potions
 i - a potion of haste
 m - a potion of mutation
 p - a potion of degeneration
 r - 2 potions of lignification
 s - 3 potions of curing
 u - 2 potions of heal wounds


   Skills:
 + Level 6.1(7.4) Fighting
 + Level 14.7 Polearms
 + Level 6.1(7.4) Armour
 - Level 3.6(4.7) Shields


You had 8 spell levels left.
You didn't know any spells.
Your spell library was empty.

Dungeon Overview and Level Annotations

Branches:
Dungeon (7/15)             Temple (0/1) D:7           Sewer (visited)

Altars:
Ashenzari
Elyvilon
Kikubaaqudgha
Makhleb
Sif Muna
Uskayaw
Wu Jian
The Shining One

Annotations:
D:7 1 runed translucent door, Crazy Yiuf, Joseph


Innate Abilities, Weirdness & Mutations

You have a pair of horns on your head.
You reflexively headbutt those who attack you in melee.


Message History

You now have 548 gold pieces (gained 8).
Key pressed, stopping explore.
You now have 560 gold pieces (gained 12).
Key pressed, stopping explore.
Found a stone staircase leading down.
e - 4 scrolls of teleportation (gained 1)
You now have 568 gold pieces (gained 8).
You now have 578 gold pieces (gained 10).
Key pressed, stopping explore.
There is a stone staircase leading down here.
Key pressed, stopping explore.
Key pressed, stopping explore.
Key pressed, stopping explore.
Found a stone staircase leading down.
There is a stone staircase leading down here.
Key pressed, stopping explore.
Joseph, a Mercenary comes into view.
He is wielding a +0 quarterstaff, wearing a +1 ring mail of willpower and carrying a wand of acid (9).
Joseph shouts!
Joseph says, "Return every stolen item!"
Joseph zaps a wand.
The bolt of acid hits you! The acid corrodes you!
Joseph is nearby!
Joseph is nearby!
Joseph unwields a +0 quarterstaff.
Joseph wields a +0 sling.
Joseph shoots a sling bullet.
The sling bullet hits you!
You are too injured to fight recklessly!
You are too injured to fight recklessly!
You barely miss Joseph. You headbutt Joseph!
Joseph is lightly wounded.
Joseph zaps a wand.
The bolt of acid hits you!!
You puncture Joseph!
Joseph is moderately wounded.
Joseph says, "You will never get the ORB, sorry."
Joseph zaps a wand.
The bolt of acid hits you!!
* * * LOW HITPOINT WARNING * * *
You hit Joseph. You headbutt Joseph!
Joseph is heavily wounded.
You feel very buoyant.
You fly up into the air.
Joseph unwields a +0 sling.
Joseph wields a +0 quarterstaff.
Joseph hits you with a +0 quarterstaff!
You die...

##
#############
. ,
......?....>#
####
,.....#.###.#
##.# ### #@#
#.# ##)#*
#...@# #.#
.)<# ######
#.# .### #.#
.# #.# .# #
#.# ##.# *,
#.# ...# #.#
.### #.#


You could see Joseph.

Vanquished Creatures
  Pikel (D:7)
  Prince Ribbit (D:6)
  Eustachio (D:6)
  3 steam dragons
  A water moccasin (D:5)
  2 ice beasts
  A black bear (D:6)
  An ogre (D:5)
  2 centaurs
  2 phantoms (D:5)
  2 kobold brigands
  A bullfrog (Sewer)
  A gnoll sergeant (D:2)
  3 scorpions
  3 hounds
  A gnoll bouda (D:6)
  2 jellies
  An orc priest (D:5)
  6 iguanas
  3 orc wizards
  12 adders
  13 gnolls
  3 white imps
  An ufetubus (D:7)
  2 worms (D:2)
  3 dart slugs
  12 orcs
  13 ball pythons
  13 endoplasms
  22 giant cockroaches
  4 goblins
  5 hobgoblins
  5 jackals
  43 kobolds
  12 quokkas
  2 bats
  12 frilled lizards
  6 rats
221 creatures vanquished.

Vanquished Creatures (others)
  20 plants (D:5)
  4 toadstools (D:1)
24 creatures vanquished.

Grand Total: 245 creatures vanquished

Notes
Turn   | Place    | Note
-------+----------+-------------------------------------------
     0 | D:1      | Persephone the Minotaur Fighter began the quest for the
                  | Orb.
     0 | D:1      | Reached XP level 1. HP: 19/19 MP: 0/0
    50 | D:1      | Reached skill level 3 in Polearms
    93 | D:1      | Reached XP level 2. HP: 26/26 MP: 1/1
   328 | D:1      | Reached skill level 4 in Polearms
   675 | D:1      | Found a faded altar of an unknown god.
   683 | D:1      | Reached XP level 3. HP: 31/31 MP: 2/2
  1266 | D:2      | Found an ornate altar of the Wu Jian Council.
  1696 | D:2      | Reached skill level 5 in Polearms
  1882 | D:2      | Reached XP level 4. HP: 39/39 MP: 3/3
  1902 | D:2      | Noticed a gnoll sergeant
  1920 | D:2      | Killed a gnoll sergeant
  1921 | D:2      | Reached skill level 6 in Polearms
  1921 | D:2      | Reached XP level 5. HP: 40/45 MP: 4/4
  1957 | D:2      | Found the +3 woodcutter's axe {vorpal}
  2188 | D:3      | Noticed a centaur
  2194 | D:3      | HP: 1/45 [centaur/arrow (6)]
  2203 | D:3      | Killed a centaur
  2204 | D:3      | Reached skill level 7 in Polearms
  2641 | D:3      | Reached XP level 6. HP: 51/51 MP: 5/5
  2867 | D:3      | Reached skill level 8 in Polearms
  3416 | D:4      | You fall into a shaft and drop 1 floor!
  3416 | D:5      | Entered Level 5 of the Dungeon
  3438 | D:5      | Noticed a water moccasin
  3449 | D:5      | Killed a water moccasin
  3450 | D:5      | Reached skill level 9 in Polearms
  3733 | D:4      | Reached XP level 7. HP: 57/57 MP: 6/6
  3882 | D:4      | Found a glowing drain.
  3892 | Sewer    | Entered a sewer
  4197 | Sewer    | Reached skill level 10 in Polearms
  4485 | D:4      | Found an ornate altar of the Wu Jian Council.
  4524 | D:4      | Found a shimmering blue altar of Sif Muna.
  4528 | D:4      | Found a broken altar of Ashenzari.
  4532 | D:4      | Found a hide-covered altar of Uskayaw.
  4654 | D:4      | Became a worshipper of Ashenzari the Shackled
  4875 | D:5      | Noticed a steam dragon
  4880 | D:5      | Killed a steam dragon
  4888 | D:5      | Reached skill level 11 in Polearms
  4896 | D:5      | Reached XP level 8. HP: 49/64 MP: 7/7
  5036 | D:5      | Reached skill level 12 in Polearms
  6143 | D:6      | Reached skill level 13 in Polearms
  6288 | D:6      | Noticed Eustachio
  6301 | D:6      | Killed Eustachio
  6453 | D:6      | Reached * piety under Ashenzari
  6669 | D:6      | Identified the +1 leather armour of Saemel {rElec rC++
                  | Int+4}
  6687 | D:6      | Reached skill level 14 in Polearms
  6687 | D:6      | Reached XP level 9. HP: 54/72 MP: 8/8
  6924 | D:6      | Noticed Prince Ribbit
  6930 | D:6      | Killed Prince Ribbit
  7087 | D:6      | Found an ancient bone altar of Kikubaaqudgha.
  7328 | D:7      | Noticed Pikel
  7349 | D:7      | Killed Pikel
  7350 | D:7      | Reached skill level 5 in Fighting
  7350 | D:7      | Reached skill level 5 in Armour
  7577 | D:7      | Found a burning altar of Makhleb.
  7577 | D:7      | Found a glowing golden altar of the Shining One.
  7634 | D:7      | Reached ** piety under Ashenzari
  7753 | D:7      | Found a white marble altar of Elyvilon.
  7794 | D:7      | Found a staircase to the Ecumenical Temple.
  7846 | D:7      | Found a runed translucent door.
  7847 | D:7      | Noticed Crazy Yiuf
  7979 | D:7      | Noticed Joseph
  7985 | D:7      | Mangled by Joseph

Illustrated notes

Levels and vault maps discovered:
D:1:      ldierk_walled_garden_2, layout_loops_cross,
          shapermc_ecumenical_altar_notcrosses, minmay_pentomino_o4
D:2:      layout_basic, basic_altar, pf_guarded_unrand_woodcutter
D:3:      layout_basic, st_stairs_1, nicolae_eternal_life,
          minmay_misc_feat_hallway, kennysheep_generic_room_6
D:4:      layout_loops_ring, mainiacjoe_overflow_alcove_1,
          grunt_temple_overflow_diamond, gup_sewer_entry_pipe
D:5:      kennysheep_kobold_camp, layout_basic
D:6:      layout_cave_pods, kiku_gazebo_garden_becter, serial_park,
          serial_park_tiny_1, serial_park_square2, serial_park_tiny_1,
          serial_park_square1 [serial_park_minivault_5x5_7], serial_park_paths
          [serial_park_minivault_5x5_1], uniq_prince_ribbit1, uniq_eustachio
D:7:      layout_basic, nemelex_spade_bored_becter,
          mainiacjoe_overflow_boulevard, jmf_multi_god_temple,
          minmay_temple_entry_poolview, uniq_pikel, uniq_joseph,
          uniq_crazy_yiuf_cottage

Skill      XL: |  1  2  3  4  5  6  7  8  9 |
---------------+----------------------------+-----
Polearms       | 3 4 5 6 7 9 11 14 | 14.7
Fighting       | 6 |  6.1
Armour         | 6 |  6.1
Shields        | |  3.6

Action                   |  1- 3 |  4- 6 |  7- 9 || total
-------------------------+-------+-------+-------++-------
Melee: Trident           |   139 |   109 |   363 ||   611
       Headbutt          |    15 |     6 |    50 ||    71
Invok: Curse Item        |       |       |     3 ||     3
  Use: Potion            |       |     6 |     1 ||     7
       Scroll            |       |     6 |     6 ||    12
Armor: Scale mail        |    50 |    30 |    99 ||   179
Dodge: Dodged            |    46 |    38 |    72 ||   156
Block: Buckler           |    23 |    31 |    32 ||    86
